 Dungeon Crawl Stone Soup version 0.29.1-15-g9cfb28693d (webtiles) character file.

Game seed: 16871703830605622769

115 HakonGodeson the Vexing (level 5, 0/40 HPs)
             Began as a Hill Orc Enchanter on Apr 29, 2023.
             Succumbed to a scorpion's poison
             ... on level 2 of the Dungeon.
             The game lasted 00:03:48 (1071 turns).

HakonGodeson the Vexing (Hill Orc Enchanter)        Turns: 1071, Time: 00:03:49

Health: 0/40       AC:  2    Str: 11    XL:     5   Next: 0%
Magic:  7/7        EV: 12    Int: 17    God:
Gold:   91         SH:  0    Dex: 11    Spells: 2/7 levels left

rFire   . . .      SeeInvis .   a - +4 dagger
rCold   . . .      Faith    .   (no shield)
rNeg    . . .      Spirit   .   b - +0 robe
rPois   .          Reflect  .   (no helmet)
rElec   .          Harm     .   (no cloak)
rCorr   .          Rampage  .   (no gloves)
Will    .....                   (no boots)
Stlth   ++........              (no amulet)
HPRegen 0.13/turn               (no ring)
MPRegen 0.10/turn               (no ring)

@: mighty, lethally poisoned (0 -> -5)
A: no striking features
a: no special abilities


You were on level 2 of the Dungeon.
You visited 1 branch of the dungeon, and saw 2 of its levels.

You collected 91 gold pieces.

Inventory:

Hand Weapons
 a - a +4 dagger (weapon)
Missiles
 h - 4 atropa-tipped darts
Armour
 b - a +0 robe (worn)
Scrolls
 f - a scroll of vulnerability {unknown}
Potions
 c - 2 potions of invisibility


   Skills:
 * Level 1.2 Fighting
 * Level 1.6 Short Blades
 * Level 0.4 Throwing
 * Level 1.1 Armour
 * Level 1.8 Dodging
 * Level 3.1 Stealth
 * Level 1.9 Spellcasting
 * Level 3.6 Hexes
 * Level 0.8 Ice Magic


You had 2 spell levels left.
You knew the following spells:

 Your Spells              Type           Power      Damage    Failure   Level
a - Ensorcelled Hibernat  Hex/Ice        18%        N/A       12%         2
b - Tukima's Dance        Hex            14%        N/A       13%         3

Your spell library contained the following spells:

 Spells                   Type           Power      Damage    Failure   Level
 Magic Dart               Conj           4%         1d3       21%         1
 Call Imp                 Summ           1%         N/A       30%         2
 Confusing Touch          Hex            14%        N/A       13%         3
 Dazzling Flash           Conj/Hex       14%        N/A       28%         3
 Mephitic Cloud           Conj/Pois/Air  1%         N/A       52%         3
 Silence                  Hex/Air        3%         N/A       95%         5
 Agony                    Necr           1%         N/A       99%         5


Dungeon Overview and Level Annotations

Branches:
Dungeon (2/15)

Altars:


Message History

Press: ? - help, Q - select action, (/) - cycle Shift-Dir - straight line, f - worm, p - scorpion
Aim: a worm (chance to affect: 50%)
The scorpion is unaffected.
You feel very sick. The scorpion stings you. x2
Aiming: Ensorcelled Hibernation (safe; 13% risk of failure)
Press: ? - help, Q - select action, (/) - cycle Shift-Dir - straight line, f - you That would be overly suicidal.
Okay, then.
Unknown command.
Unknown command.
Aiming: Ensorcelled Hibernation (safe; 13% risk of failure)
Press: ? - help, Q - select action, (/) - cycle Shift-Dir - straight line, f - scorpion
Aim: a scorpion (heavily wounded, not susceptible)
The scorpion is unaffected.
You feel very sick. The scorpion closely misses you.
It was a potion of might.
You feel very mighty all of a sudden.
* * * LOW HITPOINT WARNING * * *
You feel very sick. The scorpion completely misses you.
You hit the scorpion.
The scorpion is almost dead.
* * * LOW HITPOINT WARNING * * *
You feel sick. The scorpion stings you.
* * * LOW HITPOINT WARNING * * *
You puncture the scorpion!
You kill the scorpion!
* * * LOW HITPOINT WARNING * * *
You feel sick.
Your Fighting skill increases to level 1!
Your Armour skill increases to level 1!
Your Stealth skill increases to level 3!
You have reached level 5!
You feel stronger.
It was a potion of magic.
Magic courses through your body.
* * * LOW HITPOINT WARNING * * *
You feel sick.
You die...

#.#.#.....B♣.P♣ ###.#..##.
#.#.......♣P..♣♣ #######g##....
#.....####♣♣P..♣♣ #...........##
#..#..#####♣♣P..♣♣ ########g##.#
#.....##....♣♣...♣ ####.#g##.#
#..#..##.....♣...♣♣###....#÷##.##
#......#.....♣♣♣P.P....###..<....
#...##........♣♣♣.♣###.#....##..#
#... ##...>..w.@.# ♣.♣.##.#..##
#... #......##### ♣.♣.##.)..#
#...!.. ♣.♣###....# #...... ♣.♣
#..#.# #...... ♣.♣ #..#.# #......
♣.♣ #..#.# ##....# ...^.. ..P♣♣
.>##.#. .(. ....


You could see a worm.

Vanquished Creatures
  A scorpion (D:2)
  A hound (D:2)
  An adder (D:1)
  A dart slug (D:1)
  2 endoplasms
  A giant cockroach (D:1)
  A hobgoblin (D:2)
  3 kobolds
  A quokka (D:1)
  3 ball pythons
  A bat (D:1)
  3 rats
19 creatures vanquished.

Vanquished Creatures (others)
  3 plants (D:2)
3 creatures vanquished.

Grand Total: 22 creatures vanquished

Notes
Turn   | Place    | Note
-------+----------+-------------------------------------------
     0 | D:1      | HakonGodeson the Hill Orc Enchanter began the quest for the
                  | Orb.
     0 | D:1      | Reached XP level 1. HP: 14/14 MP: 3/3
   345 | D:1      | Reached XP level 2. HP: 18/20 MP: 4/4
   348 | D:1      | Learned a level 2 spell: Ensorcelled Hibernation
   391 | D:2      | Reached XP level 3. HP: 13/27 MP: 1/5
   529 | D:2      | Learned a level 3 spell: Tukima's Dance
   926 | D:1      | Reached XP level 4. HP: 25/34 MP: 3/6
  1059 | D:2      | Noticed a scorpion
  1069 | D:2      | Killed a scorpion
  1069 | D:2      | HP: 1/34 [poisoned by a scorpion]
  1070 | D:2      | Reached skill level 1 in Fighting
  1070 | D:2      | Reached skill level 1 in Armour
  1070 | D:2      | Reached XP level 5. HP: 2/40 MP: 0/7
  1071 | D:2      | Succumbed to a scorpion's poison

Illustrated notes

Levels and vault maps discovered:
D:1:      enne_arrival_octagon_isle, layout_loops_ring
D:2:      layout_rooms, chequers_ecumenical_altar_lobes, serial_forest,
          infiniplex_forest_corner_1, infiniplex_forest_diagonal,
          infiniplex_forest_clump_small, infiniplex_forest_straight_4,
          infiniplex_forest_3_way, infiniplex_forest_lined_room_,
          infiniplex_forest_end_3, infiniplex_forest_straight_2,
          infiniplex_forest_diagonal

Skill      XL: |  1  2  3  4 |
---------------+-------------+-----
Fighting       | 1 |  1.2
Armour         | 1 |  1.1
Stealth        | 3 |  3.1
Short Blades   | |  1.6
Throwing       | |  0.4
Dodging        | |  1.8
Spellcasting   | |  1.9
Hexes          | |  3.6
Ice Magic      | |  0.8

Action                   |  1- 3 |  4- 6 || total
-------------------------+-------+-------++-------
Melee: Dagger            |    45 |     7 ||    52
 Cast: Ensorcelled Hiber |     7 |     3 ||    10
  Use: Scroll            |     4 |       ||     4
       Potion            |       |     2 ||     2
 Stab: Sleeping          |     8 |     1 ||     9
Armor: Robe              |     7 |       ||     7
Dodge: Dodged            |    28 |     2 ||    30
